 Dungeon Crawl Stone Soup version 0.28-a0-114-g2bf3c13a2f (webtiles) character file.

Game seed: 13594770354894731880

261050 ZeroWinrate the Spry (level 20, -3/146 HPs)
             Began as a Djinni Conjurer on Aug 12, 2021.
             Was the Champion of Makhleb.
             Slain by an ironbound convoker (28 damage)
             ... in the Desolation of Salt.
             The game lasted 02:44:48 (41480 turns).

ZeroWinrate the Spry (Djinni Conjurer)             Turns: 41480, Time: 02:44:49

Health: -3/146     AC: 14    Str:  8    XL:     20   Next: 76%
Gold:   4464       EV: 23    Int: 36    God:    Makhleb [******] SH:  6 Dex: 12

rFire   + + .      SeeInvis +   f - +11 eveningstar "Lacertilianbane" {freeze, rN++}
rCold   x . .      Faith    .   q - +0 buckler
rNeg    + + .      Spirit   .   I - +2 robe {Will+}
rPois   ∞          Reflect  .   Z - +2 hat {Stlth+}
rElec   .          Harm     .   C - +2 cloak
rCorr   .          Rampage  .   i - +2 pair of gloves
Will    +....                   (boots unavailable)
Stlth   ++++++....              M - amulet of regeneration
HPRegen 1.34/turn               r - ring "Saga" {Int+7 SInv}
MPRegen 0.00/turn               x - +4 ring of evasion

@: weak-willed, flying, slowed, studying Throwing, very slow
A: sickness immunity, fire resistance 2, cold vulnerability 1, float, innate
caster, hp casting, extra vitality 1, horns 1, iridescent scales 1, strong 1,
MP-powered wands
}: 2/15 runes: barnacled, gossamer
a: Renounce Religion, Minor Destruction, Lesser Servant of Makhleb, Major
Destruction, Greater Servant of Makhleb


You were in the Desolation of Salt.
You worshipped Makhleb.
Makhleb was exalted by your worship.
You visited 7 branches of the dungeon, and saw 36 of its levels.
You also visited: Bailey, Ice Cave, Volcano and Desolation.

You collected 4899 gold pieces.
You spent 435 gold pieces at shops.

Inventory:

Hand Weapons
 f - the +11 eveningstar "Lacertilianbane" (weapon) {freeze, rN++}
   (You acquired it in a bailey)

   It freezes those it strikes, dealing additional cold damage.
   It can also slow down cold-blooded creatures.
   rN:        It greatly protects you from negative energy.
 v - the +7 hand crossbow "Killer Bee's Bane" {speed, MP+9 Str+6}
   (You found it on level 4 of the Shoals)

   Attacks with this weapon are significantly faster.
   Str:       It affects your strength (+6).
   MP:        It affects your magic capacity (+9).
 P - the +7 great mace "Firestarter" {inner flame, rF++}
   (You took it off an orc on level 13 of the Dungeon)

   It burns those it strikes, dealing additional fire damage.
   It fills those it strikes with an explosive inner flame.
   It grants immunity to clouds of flame.
   rF:        It greatly protects you from fire.
Missiles
 t - 44 javelins
 L - 10 throwing nets
Armour
 i - a +2 pair of gloves (worn)
 o - a +3 tower shield of protection
 q - a +0 buckler (worn)
 C - a +2 cloak (worn)
 I - a +2 robe of willpower (worn)
 Z - a +2 hat of stealth (worn)
Magical Staves
 s - a staff of conjuration
Jewellery
 p - an amulet of the acrobat
 r - the ring "Saga" (left hand) {Int+7 SInv}
   (You acquired it in a bailey)

   [ring of see invisible]

   Int:       It affects your intelligence (+7).
   SInv:      It lets you see invisible.
 u - a +4 ring of evasion
 x - a +4 ring of evasion (right hand)
 A - the ring "Cexa" {*Corrode rC+ Str+5 Dex+6}
   (You took it off a merfolk on level 4 of the Shoals)

   [ring of dexterity]

   Str:       It affects your strength (+5).
   Dex:       It affects your dexterity (+6).
   rC:        It protects you from cold.
   *Corrode:  It may corrode you when you take damage.
 M - an amulet of regeneration (around neck)
 N - the ring of Arrival {rCorr MP+9 Str+2 SInv}
   (You found it on level 4 of the Spider Nest)

   [ring of resist corrosion]

   Str:       It affects your strength (+2).
   MP:        It affects your magic capacity (+9).
   SInv:      It lets you see invisible.
   rCorr:     It protects you from acid and corrosion.
Wands
 g - a wand of paralysis (27)
 n - a wand of digging (2)
 w - a wand of iceblast (28)
 E - a wand of flame (121)
 K - a wand of mindburst (22)
 R - a wand of polymorph (15)
 T - a wand of acid (10)
 U - a wand of charming (7)
Scrolls
 a - a scroll of brand weapon
 b - 2 scrolls of vulnerability
 y - a scroll of fog
 F - 9 scrolls of teleportation
 G - a scroll of torment
 H - a scroll of silence
 J - 2 scrolls of fear
 Q - 4 scrolls of immolation
 V - 13 scrolls of identify
 W - 2 scrolls of summoning
 X - 4 scrolls of blinking
 Y - 3 scrolls of enchant weapon
Potions
 c - 4 potions of cancellation
 d - 3 potions of might
 e - 4 potions of lignification
 h - 7 potions of attraction
 j - 6 potions of ambrosia
 l - 4 potions of magic
 m - 3 potions of berserk rage
 z - 5 potions of curing
 S - 3 potions of brilliance
Miscellaneous
 k - a box of beasts (inert)


   Skills:
 + Level 13.9 Fighting
 + Level 12.1 Maces & Flails
 - Level 1.9 Armour
 + Level 16.3 Dodging
 - Level 11.3 Stealth
 - Level 9.2 Shields
 + Level 14.1 Spellcasting
 - Level 4.7 Invocations
 - Level 9.0 Evocations


You couldn't memorise any spells.
You knew the following spells:

 Your Spells              Type           Power      Damage    Failure   Level
a - Magic Dart            Conj           100%       1d8       0%          1
b - Searing Ray           Conj           100%       3d7       0%          2
c - Dazzling Flash        Conj/Hex       100%       N/A       0%          3
d - Fulminant Prism       Conj/Hex       45%        3d21      1%          4
e - Iskenderun's Mystic   Conj/Tloc      91%        2d18      1%          4
f - Sandblast             Erth           100%       2d20      0%          1
g - Static Discharge      Conj/Air       91%        N/A       0%          2
h - Wereblood             Tmut           91%        N/A       0%          2
i - Dispel Undead         Necr           91%        3d29      1%          4
j - Yara's Violent Unrav  Hex/Tmut       45%        3d18      1%          5
k - Freezing Cloud        Conj/Ice/Air   45%        6-21      1%          5
l - Iron Shot             Conj/Erth      45%        9d9       1%          6
m - Orb of Destruction    Conj           45%        9d15      3%          7
n - Monstrous Menagerie   Summ           45%        N/A       3%          7
Your spell library was empty.

Dungeon Overview and Level Annotations

Branches:
Dungeon (14/15)            Temple (0/1) D:7            Lair (6/6) D:10
 Shoals (4/4) Lair:2       Spider (4/4) Lair:4        Slime (5/5) Lair:5
    Orc (2/2) D:12            Elf (1/3) Orc:2        Bailey (visited)
  IceCv (visited)         Volcano (visited)         Desolation (1/1)
 Vaults: D:13-14

Altars:
Ashenzari
Cheibriados
Fedhas
Kikubaaqudgha
Makhleb
Okawaru
Qazlal
Sif Muna
Trog
Uskayaw
Vehumet
Wu Jian
Xom
The Shining One
Beogh

Shops:
D:11 (   D:12 (   Orc:2 =*

Portals:
Trove: D:13 (give 6 scrolls of blinking)

Annotations:
D:4 3 runed translucent doors, Spectrina's ghost, weakling DEDe


Innate Abilities, Weirdness & Mutations

You are immune to sickness and miasma.
You are immune to poison.
Your flesh is very heat resistant. (rF++)
You are vulnerable to cold. (rC-)
You float through the air rather than walking.
You learn spells naturally, not from books.
Your magical power is your life essence.
You have superior vitality. (+4 HP)
You have a pair of small horns on your head.
You are partially covered in iridescent scales. (AC +2)
Your muscles are strong. (Str +2)
You expend health (3 HP) to strengthen your wands.


Message History

A blast of power from the earth strikes your saltling!
The guardian serpent hits you!
* * * LOW HITPOINT WARNING * * *
Your saltling hits the ironbound convoker but does no damage.
The ironbound convoker completely misses you.
The guardian serpent hits your saltling.
Your saltling hits the guardian serpent!
Your saltling barely misses the imperial myrmidon.
Your saltling hits the imperial myrmidon but does no damage.
Your saltling hits the guardian serpent.
Your guardian serpent coils itself and waves its upper body at the ironbound convoker.
The ironbound convoker seems to slow down.
Unknown command.
Unknown command.
Unknown command.
Unknown command.
Unknown command.
Unknown command.
Unknown command.
You feel better.
The guardian serpent hits your saltling!!
Your saltling is destroyed!
The guardian serpent hits your saltling!
Your guardian serpent casts a spell at the ironbound convoker.
Your servant of whispers blinks!
Your saltling blinks! x3
Your saltling barely misses the ironbound convoker.
Your saltling closely misses the ironbound convoker.
Your saltling hits the ironbound convoker!!
Your saltling hits the imperial myrmidon!!
The ironbound convoker completely misses you.
Your servant of whispers barely misses the ironbound convoker.
Your saltling hits the ironbound convoker!
The ironbound convoker dies!
Makhleb accepts your kill.
Your guardian serpent hits the guardian serpent.
Your saltling hits the saltling!
Your saltling misses the imperial myrmidon.
Your saltling hits the guardian serpent!!
The ironbound convoker hits you with a +0 dire flail of holy wrath!!
You die...

### §§§§§§§§§§§.. #..#
§§§§§§§.§§§§§§§. .....
§§§§.§§§...§§§§. ....§§§§
§.§a.§§§....§.§.
..§§§§§.§§§§.§§§..........
....§§§§§§§§§§§§.§........
.§.§§§§§§.§§.§§§888a......
§..§§.§.§§.§p§§§paaS......
.§..§.§....§§§§p@aS.......
....§.§....§##...S88......
.....§)..§..§.#.)8a8......
.....§).).................
....#.....................
..........................
..........................
.........................
................#.....§§


You could see a ragged hierophant, 3 imperial myrmidons, an ironbound convoker
(strong, sheltered), 2 guardian serpents, a saltling (sheltered, ally target), a
friendly servant of whispers (summoned), a friendly ironbound convoker
(summoned), a friendly guardian serpent (summoned, weak-willed) and 6 friendly
saltlings.

Vanquished Creatures
  2 acid blobs (Slime:4)
  Polyphemus (Shoals:2)
  Donald (Shoals:1)
  Gastronok (Lair:2)
  Frances (D:13)
  Ilsuiw (Shoals:3)
  4 emperor scorpions
  Louise (Shoals:3)
  4 ghost moths (Spider:4)
  An imperial myrmidon (Desolation)
  A quicksilver ooze (Slime:1)
  Nessos (D:13)
  Azrael (D:13)
  2 dire elephants (Lair:6)
  2 entropy weavers
  A spark wasp (Spider:4)
  A fire dragon (D:13)
  3 merfolk javelineers (Shoals:4)
  8 merfolk impalers
  A ragged hierophant (Elf:1)
  A great orb of eyes (Slime:4)
  A servant of whispers (Desolation)
  2 merfolk aquamancers
  Erolcha (D:10)
  10 hydras
  2 alligator snapping turtles
  3 catoblepae
  A merfolk avatar (Shoals:4)
  A vault guard (D:13)
  3 centaur warriors
  5 two-headed ogres
  4 satyrs
  Urug (Lair:6)
  2 tengu warriors (D:14)
  6 death yaks
  An orc high priest (Orc:2)
  A hell knight (Volcano)
  Sonja (Lair:6)
  18 slime creatures
  A spectral anaconda (Lair:6)
  A spectral death yak (Lair:6)
  5 sea snakes
  7 orc knights
  A bog body (IceCv)
  An obsidian statue (Lair:6)
  An ironbound convoker (Desolation)
  5 necromancers
  A deep elf pyromancer (D:13)
  7 harpies
  34 wolf spiders
  A shining eye (Slime:3)
  18 orb spiders
  5 cyclopes
  20 fauns
  3 orc sorcerers
  9 oklob plants
  2 moths of wrath
  28 elephants
  8 manticores
  A centaur zombie (D:10)
  11 merfolk sirens
  A black mamba (shapeshifter) (D:9)
  5 black mambas
  2 ice statues (IceCv)
  A water nymph (Shoals:1)
  8 cane toads
  4 torpor snails
  7 rime drakes
  11 komodo dragons
  17 demonic crawlers
  An efreet (D:12)
  An entropy weaver simulacrum (IceCv)
  4 yaktaurs (Volcano)
  5 ice devils (IceCv)
  16 merfolk
  A tengu conjurer (D:14)
  22 jumping spiders
  2 polar bears
  7 hornets
  4 trolls
  7 wind drakes
  6 saltlings
  13 blink frogs
  8 snapping turtles
  A spectral elephant (Lair:6)
  13 dream sheep
  3 wraiths
  A wyvern (Lair:5)
  23 yaks
  27 tarantellas
  6 humans (D:8)
  71 redbacks
  A vampire (D:10)
  6 fire bats (D:13)
  4 dire elephant simulacra (IceCv)
  7 golden eyes
  5 water elementals
  14 vampire mosquitoes
  2 basilisks
  A death yak simulacrum (Lair:6)
  4 wargs
  A spectral cane toad (Lair:6)
  2 harpy simulacra (IceCv)
  3 acid dragons
  9 water moccasins
  An elephant zombie (Lair:6)
  A nameless horror (Shoals:4)
  4 hell hounds (D:13)
  23 orc warriors
  A sky beast (D:5)
  7 ogres
  4 black bears (D:10)
  A necrophage (D:6)
  11 wolves
  12 centaurs
  2 phantoms
  Blork the orc (D:6)
  5 kobold brigands
  14 bullfrogs
  A two-headed ogre simulacrum (IceCv)
  3 gnoll sergeants
  3 cane toad simulacra
  5 scorpions
  A water moccasin skeleton (D:7)
  The ghost of DocClef the Covert, a weakling GnDe (D:6)
  An elephant simulacrum (Lair:6)
  8 killer bees
  3 electric eels (D:9)
  9 howler monkeys
  10 hounds
  A jelly (D:6)
  2 gnoll shamans (D:6)
  14 orc priests
  2 bullfrog skeletons (D:5)
  3 iguanas
  16 orc wizards
  A killer bee zombie (D:8)
  2 howler monkey zombies
  19 gnolls
  A naga simulacrum (IceCv)
  7 adders
  3 white imps
  An ufetubus (D:4)
  An adder skeleton (D:4)
  3 worms
  3 dart slugs
  58 orcs
  2 ball pythons
  3 bats
  7 endoplasms
  A giant cockroach (D:3)
  3 goblins
  6 hobgoblins
  13 jackals
  3 quokkas
  4 frilled lizards
  22 kobolds
  6 rats
968 creatures vanquished.

Vanquished Creatures (collateral kills)
  3 acid blobs
  An azure jelly (Slime:1)
  An emperor scorpion (Spider:4)
  A halazid warlock (Desolation)
  A spark wasp (Spider:4)
  2 ragged hierophants (Desolation)
  3 merfolk javelineers (Shoals:4)
  2 merfolk impalers
  A great orb of eyes (Slime:1)
  A merfolk avatar (Shoals:4)
  A merfolk aquamancer (Shoals:4)
  2 death yaks (Shoals:2)
  A glowing orange brain (Slime:1)
  A sea snake (Shoals:3)
  A harpy (Shoals:4)
  An ironbound convoker (Desolation)
  2 orc knights
  7 fauns
  5 orb spiders (Spider:4)
  A shining eye (Slime:3)
  5 wolf spiders (Spider:4)
  A manticore (Shoals:4)
  An orc sorcerer (Orc:2)
  2 merfolk sirens
  6 elephants
  A guardian serpent (Desolation)
  2 black mambas
  A cane toad (Lair:3)
  An eye of devastation (Slime:4)
  4 demonic crawlers (Spider:4)
  An entropy weaver simulacrum (IceCv)
  9 jumping spiders (Spider:4)
  A hornet (Spider:4)
  11 merfolk
  3 snapping turtles
  A wind drake (Shoals:1)
  16 slime creatures
  2 nameless horrors
  3 blink frogs
  A dream sheep (Shoals:2)
  7 saltlings
  7 redbacks (Spider:4)
  A tarantella (Spider:4)
  4 yaks (Lair:5)
  2 water elementals (Shoals:4)
  A basilisk (Lair:4)
  2 harpy simulacra (IceCv)
  A warg (Orc:2)
  A water moccasin (Lair:5)
  2 orc warriors (Orc:2)
  An ogre (Orc:2)
  A centaur (Shoals:1)
  A bullfrog (Lair:3)
  An orc priest (Orc:2)
  An orc wizard (Orc:2)
  11 orcs (Orc:2)
  3 kobolds (D:9)
  A bush (Shoals:2)
158 creatures vanquished.

Vanquished Creatures (others)
  A redback (Spider:4)
  A centaur (Volcano)
  A jackal (D:3)
  190 fulminant prisms
  45 fungi
  320 plants
  18 withered plants (Lair:6)
576 creatures vanquished.

Grand Total: 1702 creatures vanquished

Notes
Turn   | Place    | Note
-------+----------+-------------------------------------------
     0 | D:1      | ZeroWinrate the Djinni Conjurer began the quest for the
                  | Orb.
     0 | D:1      | Reached XP level 1. HP: 15/15 MP: 0/0
   248 | D:1      | Reached XP level 2. HP: 18/22 MP: 0/0
   253 | D:1      | Reached skill level 1 in Fighting
   823 | D:1      | Found a faded altar of an unknown god.
   999 | D:2      | Reached XP level 3. HP: 21/27 MP: 0/0
   999 | D:2      | Learned a level 1 spell: Sandblast
  2301 | D:3      | Found a shimmering altar of Xom.
  2301 | D:3      | Found a hide-covered altar of Uskayaw.
  2301 | D:3      | Found an ornate altar of the Wu Jian Council.
  2301 | D:3      | Found a broken altar of Ashenzari.
  2423 | D:3      | Noticed a phantom
  2446 | D:3      | Killed a phantom
  2447 | D:3      | Reached XP level 4. HP: 6/35 MP: 0/0
  2447 | D:3      | Reached XP level 5. HP: 7/40 MP: 0/0
  2447 | D:3      | Learned a level 2 spell: Static Discharge
  2876 | D:3      | Found a burning altar of Makhleb.
  3795 | D:4      | Reached XP level 6. HP: 38/46 MP: 0/0
  4098 | D:4      | Found a runed translucent gate.
  4098 | D:4      | Found a runed translucent gate.
  4099 | D:4      | Found a runed translucent gate.
  4101 | D:4      | Noticed Spectrina's ghost (weakling DEDe)
  4106 | D:4      | Identified the +1 chain mail of Day {rCorr Str-4 Int+8
                  | Dex+3}
  4385 | D:4      | Reached skill level 1 in Evocations
  4719 | D:5      | Entered Level 5 of the Dungeon
  4817 | D:5      | Reached XP level 7. HP: 44/52 MP: 0/0
  4817 | D:5      | Learned a level 2 spell: Wereblood
  5454 | D:5      | Reached skill level 5 in Spellcasting
  5480 | D:5      | Reached skill level 5 in Fighting
  5904 | D:6      | Reached XP level 8. HP: 48/59 MP: 0/0
  6051 | D:6      | Found a runed translucent door.
  6057 | D:6      | Noticed DocClef's ghost (weakling GnDe)
  6370 | D:6      | Noticed Blork the orc
  6376 | D:6      | Killed Blork the orc
  6467 | D:6      | Noticed a two-headed ogre
  6783 | D:6      | Reached XP level 9. HP: 62/66 MP: 0/0
  6783 | D:6      | Learned a level 4 spell: Dispel Undead
  6793 | D:6      | Reached skill level 5 in Evocations
  7198 | D:6      | Killed a two-headed ogre
  7199 | D:6      | Reached skill level 3 in Dodging
  7199 | D:6      | Reached XP level 10. HP: 63/76 MP: 0/0
  7207 | D:6      | Reached skill level 4 in Dodging
  7733 | D:6      | Found a blossoming altar of Fedhas.
  7866 | D:6      | Found an iron altar of Okawaru.
  7963 | D:3      | Became a worshipper of Makhleb the Destroyer
  8034 | D:6      | You are sucked into a shaft and drop 1 floor!
  8083 | D:7      | Found a staircase to the Ecumenical Temple.
  8256 | D:8      | Reached skill level 5 in Dodging
  8590 | D:8      | Found a glowing golden altar of the Shining One.
  8856 | D:8      | Noticed a two-headed ogre
  8874 | D:8      | Killed a two-headed ogre
  8911 | D:8      | Reached skill level 6 in Dodging
  8911 | D:8      | Reached XP level 11. HP: 72/82 MP: 0/0
  8911 | D:8      | Learned a level 5 spell: Yara's Violent Unravelling
  9503 | D:9      | Reached * piety under Makhleb
  9533 | D:9      | Found a bloodstained altar of Trog.
  9580 | D:9      | Found a snail-covered altar of Cheibriados.
  9710 | D:9      | Found a flagged portal.
  9725 | Bailey   | Entered a bailey
  9840 | Bailey   | Identified 3 scrolls of acquirement
  9841 | Bailey   | Acquired the ring "Saga" {Int+7 SInv}
  9842 | Bailey   | Acquired the +11 eveningstar "Lacertilianbane" {freeze,
                  | rN++}
  9843 | Bailey   | Acquired a manual of Stealth
  9926 | Bailey   | Noticed an orc knight
  9926 | Bailey   | Noticed an orc knight
  9927 | Bailey   | Noticed an orc knight
  9937 | Bailey   | Killed an orc knight
  9938 | Bailey   | Reached skill level 1 in Invocations
  9941 | Bailey   | Reached skill level 1 in Maces & Flails
  9960 | Bailey   | Killed an orc knight
  9962 | Bailey   | Killed an orc knight
  9963 | Bailey   | Reached skill level 7 in Dodging
  9965 | Bailey   | Noticed an orc knight
  9979 | Bailey   | Killed an orc knight
  9979 | Bailey   | Reached ** piety under Makhleb
 11731 | D:6      | Killed DocClef's ghost
 12773 | D:9      | Reached *** piety under Makhleb
 13138 | D:10     | Entered Level 10 of the Dungeon
 13138 | D:10     | Noticed Erolcha
 13141 | D:10     | Killed Erolcha
 13142 | D:10     | Reached XP level 12. HP: 91/91 MP: 0/0
 13297 | D:10     | Reached skill level 5 in Stealth
 13390 | D:10     | Found a staircase to the Lair.
 13661 | D:10     | You are sucked into a shaft and drop 1 floor!
 13709 | D:11     | Reached skill level 10 in Fighting
 13709 | D:11     | Reached skill level 8 in Dodging
 14184 | D:11     | Noticed a two-headed ogre
 14192 | D:11     | Killed a two-headed ogre
 14197 | D:11     | Noticed a two-headed ogre
 14206 | D:11     | Killed a two-headed ogre
 14303 | D:11     | Found Tifat's Weapon Emporium.
 14844 | D:11     | Noticed a seven-headed hydra
 14853 | D:11     | Killed a seven-headed hydra
 14927 | D:12     | Noticed a two-headed ogre
 14956 | D:11     | Killed a two-headed ogre
 15418 | D:10     | Reached **** piety under Makhleb
 15797 | D:12     | Found a staircase to the Orcish Mines.
 16063 | D:12     | Identified the amulet "Cyfosos" {Spirit -Tele rElec rCorr}
 16066 | D:12     | Found Iphezxao's Weapon Shoppe.
 16076 | D:12     | Reached XP level 13. HP: 34/97 MP: 0/0
 16076 | D:12     | Learned a level 5 spell: Freezing Cloud
 16490 | D:12     | Reached skill level 1 in Armour
 16490 | D:12     | Reached skill level 9 in Dodging
 16689 | D:12     | Found a stormy altar of Qazlal.
 16944 | D:13     | Found a frozen archway.
 16965 | IceCv    | Entered an ice cave
 18286 | D:13     | Noticed a centaur warrior
 18295 | D:13     | Killed a centaur warrior
 18296 | D:13     | Reached skill level 10 in Spellcasting
 18305 | D:13     | Noticed Nessos
 18312 | D:13     | Killed Nessos
 18346 | D:13     | Noticed a four-headed hydra
 18352 | D:13     | Killed a four-headed hydra
 18367 | D:13     | Noticed a centaur warrior
 18449 | D:13     | Noticed a fire dragon
 18461 | D:13     | Killed a centaur warrior
 18461 | D:13     | Killed a fire dragon
 18568 | D:13     | Reached XP level 14. HP: 64/103 MP: 0/0
 18821 | D:13     | Noticed Frances
 18832 | D:13     | Killed Frances
 18990 | D:13     | Noticed Azrael
 19005 | D:13     | Killed Azrael
 19114 | D:13     | Gained mutation: You are weak. (Str -2) [potion of
                  | mutation]
 19114 | D:13     | Gained mutation: You are partially covered in iridescent
                  | scales. (AC +2) [potion of mutation]
 19115 | D:13     | Lost mutation: You are partially covered in iridescent
                  | scales. (AC +2) [potion of mutation]
 19115 | D:13     | Lost mutation: You are weak. (Str -2) [potion of mutation]
 19115 | D:13     | Gained mutation: You are partially covered in iridescent
                  | scales. (AC +2) [potion of mutation]
 19115 | D:13     | Gained mutation: Your muscles are strong. (Str +2) [potion
                  | of mutation]
 19128 | D:13     | Found a portal to a secret trove of treasure.
 19758 | Orc:1    | Entered Level 1 of the Orcish Mines
 19795 | Orc:1    | Reached ***** piety under Makhleb
 20150 | Orc:2    | Entered Level 2 of the Orcish Mines
 20150 | Orc:2    | Found a burning altar of Makhleb.
 20552 | Orc:2    | Found a staircase to the Elven Halls.
 20647 | Orc:2    | Found Kyekysme's Jewellery Shoppe.
 20699 | Orc:2    | Found Voxt's Assorted Antiques.
 20706 | Orc:2    | Bought a pair of embroidered gloves for 225 gold pieces
 20706 | Orc:2    | Bought a pitted leather armour for 210 gold pieces
 20706 | Orc:2    | Identified the +0 leather armour of Gozag's Brutal Revenge
                  | {rPois rF+} (You bought it in a shop on level 2 of the
                  | Orcish Mines)
 20998 | Lair:1   | Entered Level 1 of the Lair of Beasts
 21231 | Lair:1   | Reached skill level 1 in Shields
 21234 | Lair:1   | Reached skill level 5 in Maces & Flails
 22544 | Lair:2   | Found a staircase to the Shoals.
 22723 | Lair:2   | Noticed Gastronok
 22732 | Lair:2   | Killed Gastronok
 22964 | Lair:3   | Reached XP level 15. HP: 109/109 MP: 0/0
 22964 | Lair:3   | Learned a level 6 spell: Iron Shot
 22967 | Lair:3   | Reached skill level 10 in Dodging
 23167 | Lair:3   | Acquired 746 gold pieces
 23810 | Lair:4   | Reached skill level 10 in Stealth
 23937 | Lair:4   | Found a hole to the Spider Nest.
 24111 | Lair:4   | Reached skill level 5 in Shields
 24903 | Lair:4   | Identified the +7 great sword of Tension {vorpal, Will+
                  | Int+2}
 24970 | Lair:5   | Reached skill level 11 in Dodging
 25643 | Lair:5   | Found a staircase to the Slime Pits.
 26070 | Lair:6   | Entered Level 6 of the Lair of Beasts
 26117 | Lair:6   | Reached XP level 16. HP: 101/115 MP: 0/0
 26136 | Lair:6   | Found a dark tunnel.
 26157 | Volcano  | Entered a volcano
 26482 | Volcano  | Lost mutation: Your muscles are strong. (Str +2) [potion of
                  | mutation]
 26482 | Volcano  | Lost mutation: You are partially covered in iridescent
                  | scales. (AC +2) [potion of mutation]
 26482 | Volcano  | Gained mutation: You passively dampen the noise of your
                  | surroundings. [potion of mutation]
 26611 | Lair:6   | Identified the +7 great sword "Zolah" {vorpal, Will+ SInv}
 26763 | Lair:6   | Reached skill level 12 in Dodging
 27076 | Lair:6   | Noticed Urug
 27082 | Lair:6   | Killed Urug
 27420 | Lair:6   | Noticed Sonja
 27421 | Lair:6   | Killed Sonja
 28067 | Shoals:1 | Entered Level 1 of the Shoals
 28069 | Shoals:1 | Noticed Donald
 28083 | Shoals:1 | Killed Donald
 28429 | Shoals:2 | Noticed Polyphemus
 28462 | Shoals:2 | Killed Polyphemus
 28618 | Shoals:2 | Reached skill level 13 in Dodging
 28738 | Lair:2   | Upgraded the game from 0.28-a0-105-g49a0850c41 to
                  | 0.28-a0-114-g2bf3c13a2f
 28830 | Spider:1 | Entered Level 1 of the Spider Nest
 28842 | Spider:1 | Reached XP level 17. HP: 115/120 MP: 0/0
 28842 | Spider:1 | Learned a level 7 spell: Orb of Destruction
 31162 | Spider:2 | Reached skill level 10 in Maces & Flails
 31162 | Spider:2 | Reached skill level 14 in Dodging
 31162 | Spider:2 | Reached XP level 18. HP: 55/128 MP: 0/0
 32234 | Spider:3 | Reached ****** piety under Makhleb
 33137 | Spider:4 | Entered Level 4 of the Spider Nest
 33281 | Spider:4 | Identified the ring of Arrival {rCorr MP+9 Str+2 SInv}
 33318 | Spider:4 | Reached XP level 19. HP: 101/135 MP: 0/0
 33318 | Spider:4 | Learned a level 7 spell: Monstrous Menagerie
 33675 | Spider:4 | Identified the +5 morningstar "Gram" {vorpal, rElec Str+4}
 34297 | Spider:4 | Reached skill level 15 in Dodging
 34327 | Spider:4 | Got a gossamer rune of Zot
 34599 | Shoals:1 | Acquired 1159 gold pieces
 34670 | Shoals:1 | You are sucked into a shaft and drop 1 floor!
 35572 | Shoals:3 | Noticed Ilsuiw
 35577 | Shoals:3 | Killed Ilsuiw
 35826 | Shoals:3 | Noticed Louise
 35836 | Shoals:3 | Killed Louise
 36331 | Shoals:4 | Entered Level 4 of the Shoals
 36499 | Shoals:4 | Reached XP level 20. HP: 96/144 MP: 0/0
 36875 | Shoals:4 | Got a barnacled rune of Zot
 37126 | Slime:1  | Entered Level 1 of the Pits of Slime
 37827 | Slime:5  | Entered Level 5 of the Pits of Slime
 38384 | Shoals:4 | Identified the +7 hand crossbow "Killer Bee's Bane" {speed,
                  | MP+9 Str+6}
 38589 | Shoals:4 | Lost mutation: You passively dampen the noise of your
                  | surroundings. [potion of mutation]
 38589 | Shoals:4 | Gained mutation: Your spells are a little easier to cast,
                  | but a little less powerful. [potion of mutation]
 38589 | Shoals:4 | Gained mutation: You are agile. (Dex +2) [potion of
                  | mutation]
 38589 | Shoals:4 | Gained mutation: You are somewhat resistant to further
                  | mutation. [potion of mutation]
 38862 | Shoals:4 | Reached skill level 16 in Dodging
 38938 | Shoals:4 | Identified the ring "Cexa" {*Corrode rC+ Str+5 Dex+6}
 40969 | Lair:3   | Lost mutation: Your spells are a little easier to cast, but
                  | a little less powerful. [potion of mutation]
 40969 | Lair:3   | Lost mutation: You are agile. (Dex +2) [potion of mutation]
 40969 | Lair:3   | Lost mutation: You are somewhat resistant to further
                  | mutation. [potion of mutation]
 40969 | Lair:3   | Gained mutation: You are weak. (Str -2) [potion of
                  | mutation]
 40969 | Lair:3   | Gained mutation: You are partially covered in iridescent
                  | scales. (AC +2) [potion of mutation]
 40969 | Lair:3   | Gained mutation: You have a pair of small horns on your
                  | head. [potion of mutation]
 41040 | Lair:5   | Lost mutation: You are weak. (Str -2) [potion of mutation]
 41040 | Lair:5   | Gained mutation: Your muscles are strong. (Str +2) [potion
                  | of mutation]
 41040 | Lair:5   | Gained mutation: You expend health (3 HP) to strengthen
                  | your wands. [potion of mutation]
 41263 | Elf:1    | Entered Level 1 of the Elven Halls
 41330 | Elf:1    | Found a crumbling gateway.
 41334 | Desolati | Entered the Desolation of Salt
 41480 | Desolati | Slain by an ironbound convoker

Illustrated notes

Levels and vault maps discovered:
D:1:      onia_arrival_pyramid, layout_basic,
          shapermc_ecumenical_altar_mp_vishouse
D:2:      layout_loops_cross, serial_bayou_lagoon_a, hangedman_decor_lopped
D:3:      layout_basic, nicolae_kikubaaqudgha_miasma_corner,
          grunt_temple_overflow_open, amcnicky_mini_pool_small, minmay_vboxes
D:4:      layout_loops_corners, mainiacjoe_overflow_alcove_4,
          biasface_ghost_orc_armoury, kennysheep_cross_bottleneck,
          corexii_leaking_fountain
D:5:      layout_basic
D:6:      lemuel_castle_with_subvaults [lemuel_castle_interior_carwin_2],
          layout_loops_ring, fedhas_altar_1, okawaru_gym_becter,
          ebering_ghost_reflecting_pool, grunt_decor_fettered,
          minmay_crystal_room, uniq_blork_the_orc
D:7:      layout_cave_pods, minmay_temple_entry_arrows
D:8:      layout_loops_cross, nicolae_tso_swordbearing_angel, minmay_ruffians
D:9:      layout_long_grid, gammafunk_temple_overflow_elements,
          cheibrodos_worm_habitat, serial_bayou, serial_bayou_pond_c,
          serial_bayou_pond_d, serial_bayou_shore_b, serial_bayou_ford_a,
          enter_bailey_2, due_unseen_surprise
D:10:     layout_long_grid, due_lair_maze_entry_diamond, uniq_erolcha
D:11:     layout_grid_maze, serial_shops, kennysheep_little_box
D:12:     layout_rooms, orc_david_3, grunt_qazlal_sundering
D:13:     minmay_firetagon, layout_loops_ring, enter_trove_5,
          portal_ice_cave_rime, uniq_azrael, uniq_nessos, uniq_frances
D:14:     layout_gridville, grunt_vaults_entry_tiered, gammafunk_ghost_icy
Lair:1:   layout_hall_layers
Lair:2:   layout_gridlike, shoals_dummy_entry, beast_lair_carwin_9,
          uniq_gastronok
Lair:3:   layout_hall_layers, beast_lair_carwin_10
Lair:4:   layout_regular_city, spider_nest_entry_web_field,
          minmay_lair_oklob_chamber, serial_bayou_shore_b
Lair:5:   layout_misc_corridors, minmay_slime_entry_oklob_enclosed
Lair:6:   due_jungle_book, layout_layer_cave, nicolae_volcano_entry_lava_flow,
          grunt_megastairs_4, uniq_sonja, uniq_urug
Shoals:1: layout_shoals, nicolae_shoals_lost_giant_temple, uniq_donald
Shoals:2: cheibrodos_shoals_satyrical_garden, layout_shoals, uniq_polyphemus
Shoals:3: layout_shoals, uniq_ilsuiw, uniq_louise
Shoals:4: shoals_end_grunt_garden, layout_shoals, nzn_prometheus_bound
Spider:1: layout_chambers
Spider:2: layout_spider_delve, nicolae_spider_jagged_tunnels
Spider:3: layout_chambers
Spider:4: grunt_spider_rune_island
Slime:1:  layout_caves
Slime:2:  layout_caves, nicolae_slime_ancient_tower_intersection
Slime:3:  layout_caves
Slime:4:  layout_caves, cheibrodos_slime_lost_civilization_7
Slime:5
Orc:1:    layout_caves
Orc:2:    grunt_orc_community_town_hall, layout_caves,
          grunt_orc_community_big_house_2, grunt_orc_community_big_house_2,
          grunt_orc_community_house_3, grunt_orc_community_house_3,
          grunt_orc_community_house_3, grunt_orc_community_house_1, basic_altar
Elf:1:    layout_loops_corners, portal_desolation_entry_salt, orc_legates,
          hangedman_elf_represent
Desolation

Skill      XL: |  1  2  3  4  5  6  7  8  9 10 11 12 13 14 15 16 17 18 19 20 |
---------------+-------------------------------------------------------------+-----
Fighting       | 1 3 4 5 6 7 8 9 10 11 12 13 | 13.9
Spellcasting   | 4 5 6 7 8 10 12 13 14 | 14.1
Evocations     | 1 3 4 6 7 8 9 |  9.0
Dodging        | 3 6 7 8 9 11 13 14 15 16 | 16.3
Stealth        | 4 7 8 11 | 11.3
Invocations    | 2 4 |  4.7
Maces & Flails | 2 4 5 7 9 10 11 12 | 12.1
Armour         | 1 |  1.9
Shields        | 2 6 9 |  9.2

Action                   |  1- 3 |  4- 6 |  7- 9 | 10-12 | 13-15 | 16-18 | 19-21 || total
-------------------------+-------+-------+-------+-------+-------+-------+-------++-------
Melee: Short sword       |     2 |       |       |       |       |       |       ||     2
       Staff             |       |       |       |    21 |       |       |       ||    21
       Eveningstar       |       |       |       |   111 |   286 |   193 |    87 ||   677
       Great mace        |       |       |       |       |       |    13 |       ||    13
       Headbutt          |       |       |       |       |       |       |     2 ||     2
Throw: Javelin           |       |       |       |     1 |       |       |       ||     1
 Cast: Magic Dart        |    70 |    70 |    55 |    49 |    27 |    10 |     2 ||   283
       Searing Ray       |     8 |     5 |    16 |    40 |    20 |     1 |       ||    90
       Fulminant Prism   |       |       |    19 |    53 |    98 |    17 |     3 ||   190
       Static Discharge  |       |       |     4 |     5 |     6 |       |       ||    15
       Iskenderun's Myst |       |       |     7 |    35 |    71 |    36 |     5 ||   154
       Yara's Violent Un |       |       |       |     6 |     3 |     1 |     1 ||    11
       Wereblood         |       |       |       |     2 |     1 |       |       ||     3
       Freezing Cloud    |       |       |       |       |    23 |    32 |    28 ||    83
       Dazzling Flash    |       |       |       |       |     5 |     1 |       ||     6
       Iron Shot         |       |       |       |       |    52 |   127 |   105 ||   284
       Orb of Destructio |       |       |       |       |       |    52 |   117 ||   169
       Monstrous Menager |       |       |       |       |       |       |   112 ||   112
Invok: Lesser Servant of |       |       |       |       |    32 |    22 |     5 ||    59
       Greater Servant o |       |       |       |       |       |       |     1 ||     1
Evoke: Wand              |       |       |     1 |    29 |    39 |     8 |     3 ||    80
       Box of beasts     |       |       |       |     1 |     1 |       |     2 ||     4
  Use: Scroll            |       |     7 |       |    18 |    16 |     4 |     8 ||    53
       Potion            |       |       |       |     3 |     3 |     7 |    15 ||    28
 Stab: Paralysed         |       |       |       |    13 |    43 |     1 |     2 ||    59
       Sleeping          |       |       |       |     2 |     7 |    11 |     1 ||    21
       Distracted        |       |       |       |       |     3 |       |     3 ||     6
Armor: Robe              |     4 |       |       |    52 |   143 |    84 |    41 ||   324
Dodge: Dodged            |    16 |     3 |    20 |   226 |   443 |   363 |   206 ||  1277
Block: Buckler           |       |       |       |       |    47 |    79 |    54 ||   180

Table legend: (Time is in decaauts)
 A = Elapsed time spent in this place.
 B = Non-inter-level travel time spent in this place.
 C = Inter-level travel time spent in this place.
 D = Time resting spent in this place.
 E = Time spent auto-exploring this place.
 F = Levels seen in this place.
 G = Mean time per level.
                   A        B        C        D        E       F      G
               +--------+--------+--------+--------+--------+-----+--------+
         Total |  41696 |  38114 |   3582 |   8289 |  20921 |  40 | 1042.4 |
       Dungeon |  18435 |  16989 |   1446 |   4038 |  10101 |  14 | 1316.8 |
          Lair |   7419 |   6224 |   1195 |    686 |   4045 |   6 | 1236.5 |
        Shoals |   5678 |   5320 |    358 |   1202 |   2511 |   4 | 1419.5 |
   Spider Nest |   5780 |   5403 |    377 |   1037 |   3177 |   4 | 1445.0 |
    Slime Pits |    772 |    725 |     47 |    275 |    201 |   5 |  154.4 |
  Orcish Mines |   1149 |    992 |    157 |    154 |    548 |   2 |  574.5 |
   Elven Halls |     70 |     70 |      0 |     23 |      0 |   1 |   70.0 |
        Bailey |    742 |    742 |      0 |    308 |    220 |   1 |  742.0 |
      Ice Cave |   1124 |   1124 |      0 |    480 |     88 |   1 | 1124.0 |
       Volcano |    367 |    367 |      0 |     86 |     29 |   1 |  367.0 |
    Desolation |    156 |    156 |      0 |      0 |      0 |   1 |  156.0 |
               +--------+--------+--------+--------+--------+-----+--------+

Top non-repeatable levels by time:
     D:6: 2893 daAuts
Shoals:4: 1885 daAuts
    D:11: 1713 daAuts
Spider:1: 1659 daAuts
  Lair:6: 1579 daAuts
    D:13: 1566 daAuts
Spider:2: 1511 daAuts
     D:9: 1439 daAuts
     D:2: 1433 daAuts
  Lair:4: 1426 daAuts
Shoals:2: 1417 daAuts
  Lair:5: 1353 daAuts
     D:7: 1344 daAuts
Spider:4: 1314 daAuts
Spider:3: 1295 daAuts
